 Dungeon Crawl Stone Soup version 0.18.1-48-g4cf74bf (webtiles) character file.

5695 Alarkh the Quickloader (level 10, -8/67 HPs)
             Began as a Mummy Hunter on Sept 10, 2016.
             Was a Priest of Okawaru.
             Killed by the air
             ... invoked by Gastronok
              (22 damage)
             ... on level 8 of the Dungeon.
             The game lasted 00:22:19 (9657 turns).

Alarkh the Quickloader (Mummy Hunter)               Turns: 9657, Time: 00:22:19

Health: -8/67      AC:  8    Str: 15    XL:     10   Next: 47%
Magic:  10/10      EV: 12    Int: 14    God:    Okawaru [***...]
Gold:   355        SH:  0    Dex: 13    Spells: 0 memorised, 9 levels left

rFire  . . .     SeeInvis .     a - +1 hand crossbow
rCold  + + .     Gourm    .     v - +2 robe {rC+ rF+}
rNeg   + + +     Faith    .     (no shield)
rPois  ∞         Spirit   .     (no helmet)
rElec  .         Dismiss  .     f - +0 cloak
rCorr  .         Reflect  .     (no gloves)
SustAt .         Harm     .     (no boots)
MR     +....                    t - amulet of regeneration
Stlth  +.........               x - ring of flight
                                g - +3 ring of protection

@: slowed, very slow, somewhat resistant to hostile enchantments, very
unstealthy
A: no food or potions, fire vulnerability, cold resistance 1, negative energy
resistance 3, torment resistance, unbreathing
a: Heroism, Renounce Religion, Evoke Flight


You were on level 8 of the Dungeon.
You worshipped Okawaru.
Okawaru was most pleased with you.
You were not hungry.

You visited 3 branches of the dungeon, and saw 11 of its levels.
You also visited: Ossuary.

You collected 500 gold pieces.
You spent 145 gold pieces at shops.

Inventory:

Hand Weapons
 a - a +1 hand crossbow (weapon)
 b - a +0 mace
 l - a +0 short sword
Missiles
 d - 28 bolts (quivered)
 r - a throwing net
Armour
 c - a +0 leather armour
 f - a +0 cloak (worn)
 p - a +0 ice dragon armour
 v - a +2 robe of resistance (worn)
Jewellery
 g - a +3 ring of protection (left hand)
 m - an uncursed ring of magical power
 n - a +6 ring of dexterity
 t - an amulet of regeneration (around neck)
 x - a ring of flight (right hand)
 E - an uncursed amulet of guardian spirit {unknown}
Wands
 o - a wand of iceblast (0/15)
 s - a wand of digging (8/24)
 u - a wand of confusion (13/48)
 w - a wand of paralysis (0/24)
 B - a wand of slowing (32/48)
Scrolls
 e - a scroll of identify
 i - 2 scrolls of noise
 j - 3 scrolls of random uselessness
 k - a scroll of blinking
 q - a scroll of recharging
 y - 3 scrolls of magic mapping
 z - 2 scrolls of amnesia
 A - 4 scrolls of remove curse
 C - 2 scrolls of enchant armour
 D - a scroll of immolation {unknown}
 F - a scroll of torment {unknown}
 G - a scroll of vulnerability {unknown}
 H - a scroll of teleportation {unknown}
 I - a scroll of silence {unknown}
Books
 h - a book of Cantrips

   Spells                             Type                      Level
   a - Corona                         Hexes                        1
   b - Animate Skeleton               Necromancy                   1
   c - Summon Small Mammal            Summoning                    1
   d - Apportation                    Translocation                1


   Skills:
 - Level 2.0 Fighting
 + Level 13.2 Crossbows
 - Level 1.5 Dodging
 - Level 0.7 Stealth


You had 9 spell levels left.
You didn't know any spells.

Dungeon Overview and Level Annotations

Branches:
Dungeon (9/15)             Temple (1/1) D:4            Lair (1/8) D:8
    Orc (0/2) D:9

Altars:
Ashenzari
Cheibriados
Dithmenos
Elyvilon
Fedhas
Gozag
Kikubaaqudgha
Makhleb
Nemelex Xobeh
Okawaru
Pakellas
Qazlal
Ru
Sif Muna
Trog
Vehumet
Xom
Yredelemnul
Zin
The Shining One

Shops:
D:4 %   D:6 *

Annotations:
D:8 Gastronok; ReniFell's ghost, novice VSMo
Lair:1 Grum


Innate Abilities, Weirdness & Mutations

You do not eat or drink.
Your flesh is vulnerable to fire.
You are immune to poison.
Your flesh is cold resistant.
You are immune to negative energy.
You are immune to unholy pain and torment.
You can survive without breathing.


Message History

You shoot a bolt. The bolt hits Gastronok.
Gastronok is severely wounded.
Gastronok bites you but does no damage.
Firing (i - inventory. (,) - cycle):
d - 29 bolts (quivered)
Press: ? - help, Shift-Dir - straight line, f/p - Gastronok
Aim: Gastronok, wearing an embroidered hat (severely wounded)
You shoot a bolt.
The bolt hits Gastronok but does no damage.
Gastronok is severely wounded.
Gastronok waves his eye-stalks in wide circles.
The air twists around and strikes you!
Ouch! That really hurt!
You are too injured to fight recklessly!
You are too injured to fight recklessly!
Gastronok waves his eye-stalks in wide circles.
The air twists around and strikes you!
* * * LOW HITPOINT WARNING * * *
Gastronok waves his eye-stalks in wide circles.
The air twists around and strikes you!
You die...

#.# #.# ###.#E#...
#.# #.## #.###...
#.# #..# #.......
#.# ##.# #....._.
#.# #.# ##......
#.# #.# ####... #.#
#.# #E#... #.####.#
###... #.....@#
#.#.. #####..#
#.#.. #..# #.###
#..############.###
#..w.wr(.(((.##.##.
#.##########w##....
#.# #.####.. ##.##
#.# #.. ##...## #w#
#..


You could see Gastronok.

Vanquished Creatures
  Pikel (D:4)
  A hill giant (D:9)
  The ghost of DungeonMaster the Sneak, a novice HuAs (D:4)
  2 hungry ghosts (D:9)
  Duvessa (D:5)
  An orc warrior (D:7)
  3 slaves
  2 ice beasts
  A necrophage (D:7)
  2 wolves (D:8)
  4 centaurs
  A big kobold (D:8)
  6 giant frogs
  A water moccasin zombie (Ossuary)
  Dowan (D:5)
  2 scorpions (D:6)
  5 wights (D:8)
  4 killer bees (D:9)
  5 howler monkeys
  4 bog bodies (Ossuary)
  3 centaur zombies
  2 crimson imps
  5 giant frog zombies
  4 jellies
  9 orc wizards
  14 orc priests
  4 hounds
  4 iguanas
  Jessica (D:3)
  5 worker ants
  2 killer bee zombies
  2 hound skeletons
  9 mummies (Ossuary)
  2 worker ant zombies (Ossuary)
  9 adders
  A howler monkey skeleton (D:8)
  A shadow imp (D:6)
  2 adder zombies
  An adder skeleton (D:4)
  8 worms
  3 dart slugs
  6 giant geckos
  41 orcs
  4 ball pythons
  7 giant cockroaches
  12 goblins
  8 hobgoblins
  9 jackals
  7 quokkas
  3 bats
  A giant cockroach zombie (Ossuary)
  2 giant gecko zombies (Ossuary)
  6 giant newts
  2 jackal skeletons
  A jackal zombie (Ossuary)
  9 kobolds
  7 quokka zombies
  5 rats
  A spectral orc (D:7)
270 creatures vanquished.

Vanquished Creatures (others)
  2 butterflies (D:4)
  4 withered plants (Ossuary)
6 creatures vanquished.

Grand Total: 276 creatures vanquished

Notes
Turn   | Place    | Note
--------------------------------------------------------------
     0 | D:1      | Alarkh the Mummy Hunter began the quest for the Orb.
     0 | D:1      | Reached XP level 1. HP: 16/16 MP: 1/1
   118 | D:1      | Reached XP level 2. HP: 22/22 MP: 2/2
   331 | D:1      | Reached skill level 4 in Crossbows
   340 | D:1      | Reached XP level 3. HP: 27/27 MP: 3/3
   552 | D:2      | Found a bloodstained altar of Trog.
   583 | D:2      | Found an opulent altar of Gozag.
   584 | D:2      | Found a sparkling altar of Nemelex Xobeh.
  1295 | D:2      | Reached XP level 4. HP: 33/33 MP: 4/4
  1650 | D:2      | Found a blossoming altar of Fedhas.
  1816 | D:3      | Noticed Jessica
  1820 | D:3      | Killed Jessica
  1820 | D:3      | Reached skill level 5 in Crossbows
  2159 | D:3      | Reached XP level 5. HP: 32/38 MP: 5/5
  2357 | D:4      | Noticed a slave
  2359 | D:4      | Noticed Pikel
  2394 | D:3      | Killed a slave
  2503 | D:4      | Reached skill level 6 in Crossbows
  2503 | D:4      | Reached XP level 6. HP: 40/44 MP: 6/6
  2597 | D:4      | Found a staircase to the Ecumenical Temple.
  2601 | D:4      | Noticed a slave
  2603 | D:4      | Noticed a slave
  2603 | D:4      | Noticed a slave
  2609 | Temple   | Entered the Ecumenical Temple
  2622 | Temple   | Killed a slave
  2731 | Temple   | Became a worshipper of Warmaster Okawaru
  2759 | D:4      | Noticed DungeonMaster's ghost (novice HuAs)
  2761 | D:4      | Paralysed by Pikel for 5 turns
  2862 | D:4      | Found Vufiyxt's Food Boutique.
  3190 | D:4      | Killed a slave
  3197 | D:4      | Paralysed by Pikel for 5 turns
  3213 | D:4      | Paralysed by Pikel for 3 turns
  3287 | D:4      | Killed Pikel
  3287 | D:4      | Reached * piety under Okawaru
  3287 | D:4      | Reached skill level 8 in Crossbows
  3287 | D:4      | Reached XP level 7. HP: 50/50 MP: 7/7
  3595 | D:5      | Entered Level 5 of the Dungeon
  3705 | D:5      | Noticed Duvessa
  3705 | D:5      | Noticed Dowan
  3718 | D:5      | Killed Duvessa
  3723 | D:5      | Killed Dowan
  3723 | D:5      | Reached ** piety under Okawaru
  3723 | D:5      | Reached XP level 8. HP: 40/56 MP: 8/8
  3811 | D:5      | Found a radiant altar of Vehumet.
  4256 | D:6      | Found Kirif's Assorted Antiques.
  4260 | D:6      | Bought a forked gold wand for 116 gold pieces
  4260 | D:6      | Bought a scroll labeled YGOESU IMUTA for 29 gold pieces
  4410 | D:6      | Reached skill level 9 in Crossbows
  4979 | D:7      | Found a sand-covered staircase.
  4985 | Ossuary  | Entered an ossuary
  5085 | Ossuary  | Reached skill level 10 in Crossbows
  5233 | Ossuary  | Reached XP level 9. HP: 56/61 MP: 9/9
  5546 | D:7      | Reached *** piety under Okawaru
  5753 | D:7      | Reached skill level 11 in Crossbows
  6166 | D:7      | Received a gift from Okawaru
  6168 | D:7      | Found a deep blue altar of Sif Muna.
  6168 | D:7      | Found a glowing silver altar of Zin.
  6246 | D:7      | Found a basalt altar of Yredelemnul.
  6451 | D:8      | Found a stormy altar of Qazlal.
  6476 | D:8      | Noticed ReniFell's ghost (novice VSMo)
  6562 | D:8      | Noticed Gastronok
  6952 | D:9      | Found a staircase to the Orcish Mines.
  7107 | D:9      | Reached skill level 12 in Crossbows
  7543 | D:9      | Noticed a hill giant
  7632 | D:9      | Reached **** piety under Okawaru
  7632 | D:9      | Reached XP level 10. HP: 67/67 MP: 10/10
  7993 | D:9      | Killed a hill giant
  8264 | D:8      | Found a staircase to the Lair.
  8271 | Lair:1   | Entered Level 1 of the Lair of Beasts
  8271 | Lair:1   | Noticed Grum
  8415 | D:8      | Received a gift from Okawaru
  8864 | D:4      | Killed DungeonMaster's ghost
  9048 | D:4      | Reached skill level 13 in Crossbows
  9394 | D:8      | Received a gift from Okawaru
  9657 | D:8      | Killed from afar by Gastronok

Skill      XL: |  1  2  3  4  5  6  7  8  9 10 |
---------------+-------------------------------+-----
Crossbows      | 4 5 6 8 10 12 13 | 13.2
Fighting       | |  2.0
Dodging        | |  1.5
Stealth        | |  0.7

Action                   |  1- 3 |  4- 6 |  7- 9 | 10-12 || total
-------------------------+-------+-------+-------+-------++-------
Melee: Short sword       |    15 |       |       |       ||    15
       Mace              |    12 |    34 |     3 |       ||    49
 Fire: Hand crossbow     |    61 |   148 |   579 |   233 ||  1021
Throw: Throwing net      |       |       |       |     1 ||     1
Invok: Heroism           |       |       |       |    10 ||    10
 Abil: Evoke Flight      |       |       |     2 |       ||     2
       Stop Flying       |       |       |     1 |       ||     1
Evoke: Wand              |       |       |     1 |     1 ||     2
       Phantom mirror    |       |       |       |     1 ||     1
  Use: Scroll            |     1 |     2 |     8 |     2 ||    13
 Stab: Distracted        |       |     1 |       |       ||     1
       Sleeping          |       |       |     1 |       ||     1
Armor: Leather armour    |    16 |    43 |       |       ||    59
       Robe              |       |       |    98 |    43 ||   141
Dodge: Dodged            |    16 |    79 |   183 |    84 ||   362
